 Dungeon Crawl Stone Soup version 0.31-a0-188-g5e087ee2ca (webtiles) character file.

Game seed: 11505914999036047789

1788 qw the Skirmisher (level 8, 0/46 HPs)
             Began as a Deep Elf Hunter on June 23, 2023.
             Was a Believer of Okawaru.
             Slain by a yak (5 damage)
             ... on level 7 of the Dungeon.
             The game lasted 00:01:57 (4878 turns).

qw the Skirmisher (Deep Elf Hunter)                 Turns: 4878, Time: 00:01:57

Health: 0/46       AC: 11    Str: 10    XL:     8   Next: 82%
Magic:  11/13      EV: 18    Int: 15    God:    Okawaru [**....]
Gold:   381        SH:  0    Dex: 24    Spells: 7/7 levels left

rFire   . . .        Y - +3 orcbow
rCold   . . .        (shield currently unavailable)
rNeg    . . .        a - +0 ring mail
rPois   .            (no helmet)
rElec   .            (no cloak)
rCorr   .            b - +1 pair of gloves
SInv    .            e - +1 pair of boots
Will    .....        (no amulet)
Stlth   +++          f - +6 ring of dexterity
HPRegen 0.27/turn    (no ring)
MPRegen 0.13/turn

%: no passive effects
@: heroic
A: no striking features
a: Renounce Religion, Heroism


You were on level 7 of the Dungeon.
You worshipped Okawaru.
Okawaru was pleased with you.
You visited 2 branches of the dungeon, and saw 8 of its levels.

You collected 403 gold pieces.
You spent 22 gold pieces at shops.


   Skills:
 - Level 3.1(8.1) Fighting
 + Level 12.7(17.7) Ranged Weapons
 - Level 1.3(6.3) Armour
 - Level 5.5(10.5) Dodging
 - Level 1.2(6.2) Stealth
 - Level 4.0 Invocations


You had 7 spell levels left.
You didn't know any spells.
Your spell library was empty.

Inventory:

Hand Weapons
 Y - a +3 orcbow (weapon)
Armour
 a - a +0 ring mail (worn)
 b - a +1 pair of gloves (worn)
 d - a +2 robe of fire resistance
 e - a +1 pair of boots (worn)
Jewellery
 f - a +6 ring of dexterity (left hand)
Wands
 i - a wand of digging (8)
Scrolls
 h - 5 scrolls of identify
 k - a scroll of fog {unknown}
 l - a scroll of teleportation
Potions
 c - a potion of haste
 g - 3 potions of might
 j - a potion of lignification {unknown}

Dungeon Overview and Level Annotations

Branches:
Dungeon (7/15)             Temple (1/1) D:4

Altars:
Ashenzari
Cheibriados
Dithmenos
Elyvilon
Gozag
Hepliaklqana
Kikubaaqudgha
Makhleb
Nemelex Xobeh
Okawaru
Qazlal
Ru
Sif Muna
Uskayaw
Vehumet
Wu Jian
Yredelemnul
Zin
The Shining One

Shops:
D:1 ?


Message History

The yak is heavily wounded.
You shoot an arrow. The arrow hits the yak.
The yak is severely wounded.
You shoot an arrow. The arrow hits the yak!
The yak is almost dead.
You shoot an arrow. The arrow hits the yak.
You kill the yak!
Okawaru is honoured by your kill.
Your Dodging skill increases to level 5!
You shoot an arrow. The arrow hits the yak.
The yak is lightly wounded.
The yak gores you but does no damage.
You shoot an arrow. The arrow barely misses the yak.
The yak gores you but does no damage. The yak closely misses you.
The yak gores you!
You shoot an arrow. The arrow barely misses the yak.
The yak closely misses you. The yak gores you but does no damage.
The yak gores you!
4872 ||| INVOKING Heroism.
You gain the combat prowess of a mighty hero.
The yak closely misses you. The yak completely misses you. x2
You shoot an arrow. The arrow hits the yak.
The yak is moderately wounded.
The yak misses you. The yak completely misses you. The yak barely misses you.
You shoot an arrow. The arrow hits the yak!
The yak is heavily wounded.
The yak misses you. x2; The yak barely misses you.
You shoot an arrow. The arrow hits the yak!
You kill the yak!
Okawaru is honoured by your kill. The yak gores you! x2
You shoot an arrow. The arrow hits the yak.
The yak is lightly wounded.
You shoot an arrow. The arrow hits the yak!
The yak is moderately wounded.
The yak misses you. The yak closely misses you.
You shoot an arrow. The arrow hits the yak!
The yak is severely wounded.
The yak gores you! The yak gores you.
You die...

...######.#.####.#.######
#.#.# #.#......#
########.#.####.#......#
.........#....#.#......#
.........####.#........+
.........#......#......#
.........#.##.#.#.....##
......Y..#....#.#.....#
......Y@.######.#.....#
########........#.....##
##########.#.....
#........#'#.####
#.#####.........#
#.#<.....%......#
#.#.#.#.........#
#.#.............#
#.).....?#+#+####


You could see 2 yaks.

Vanquished Creatures
  Sigmund (D:6)
  2 yaks (D:7)
  2 ice beasts
  2 centaurs
  Blork the orc (D:6)
  A bullfrog (D:4)
  2 scorpions
  A jelly (D:7)
  2 howler monkeys (D:7)
  6 hounds
  2 orc priests
  An iron imp (D:3)
  An iguana (D:5)
  6 orc wizards
  3 gnolls (D:5)
  6 adders
  A white imp (D:6)
  A worm (D:2)
  20 orcs
  3 endoplasms
  A giant cockroach (D:1)
  4 goblins (D:2)
  17 hobgoblins
  4 jackals (D:1)
  3 quokkas
  5 ball pythons
  6 bats
  7 frilled lizards
  5 kobolds
  4 rats
120 creatures vanquished.

Notes
Turn   | Place    | Note
-------+----------+-------------------------------------------
     0 | D:1      | qw the Deep Elf Hunter began the quest for the Orb.
     0 | D:1      | Reached XP level 1. HP: 12/12 MP: 3/3
     0 | D:1      | 0 ||| qw: Version: 0.3-a-9-g12657ce
     0 | D:1      | 0 ||| qw: Game counter: 3261
     0 | D:1      | 0 ||| qw: Always use a shield: true
     0 | D:1      | 0 ||| qw: God list: Okawaru
     0 | D:1      | 0 ||| qw: Allow faded altars: false
     0 | D:1      | 0 ||| qw: Do Orc after D:15 true
     0 | D:1      | 0 ||| qw: Do second Lair branch before Depths: true
     0 | D:1      | 0 ||| qw: Lair rune preference: random
     0 | D:1      | 0 ||| qw: Plans: Normal
     0 | D:1      | 0 ||| PLANNING D:1-11
    64 | D:1      | 64 ||| FLEEEEING.
    65 | D:1      | 65 ||| FLEEEEING.
    66 | D:1      | 66 ||| FLEEEEING.
    67 | D:1      | 67 ||| FLEEEEING.
   120 | D:1      | Reached XP level 2. HP: 16/16 MP: 4/4
   131 | D:1      | Reached skill level 6 in Ranged Weapons
   446 | D:1      | Found a faded altar of an unknown god.
   465 | D:1      | Found Wopney's Magic Scroll Emporium.
   472 | D:1      | 472 ||| SHOPLISTING scroll of enchant weapon (82 gold, have
                  | 39).
   472 | D:1      | 472 ||| BUYING scroll of identify (22 gold).
   472 | D:1      | Bought a scroll of identify for 22 gold pieces
   472 | D:1      | 472 ||| SHOPLISTING scroll of identify (22 gold, have 17).
   472 | D:1      | 472 ||| SHOPLISTING scroll of teleportation (33 gold, have
                  | 17).
   632 | D:1      | Reached XP level 3. HP: 20/20 MP: 5/5
   650 | D:1      | 650 ||| UPGRADING to +0 pair of boots.
   655 | D:1      | 655 ||| UPGRADING to +6 ring of dexterity.
   656 | D:1      | 656 ||| READING 2 scrolls labelled BIDGHE ZUIRUXE.
   657 | D:1      | 657 ||| READING scroll of enchant armour.
   657 | D:1      | 657 ||| ENCHANTING +0 pair of boots.
   658 | D:1      | 658 ||| READING 4 scrolls labelled SOYSYDO ISSAED.
   659 | D:1      | 659 ||| DROPPING scroll of butterflies.
   660 | D:1      | 660 ||| DROPPING 3 scrolls of immolation.
   685 | D:2      | You fall into a shaft and drop 2 floors!
   692 | D:4      | Found a staircase to the Ecumenical Temple.
   693 | D:4      | 693 ||| PLANNING TEMPLE
   701 | D:4      | 701 ||| UPGRADING to +0 ring mail.
   711 | D:4      | 711 ||| DROPPING +0 leather armour.
   716 | Temple   | Entered the Ecumenical Temple
   719 | Temple   | 719 ||| PLANNING OKAWARU WORSHIP
   949 | Temple   | Became a worshipper of Warmaster Okawaru
   950 | Temple   | 950 ||| PLANNING D:1-11
   964 | D:4      | Found a shimmering blue altar of Sif Muna.
  1085 | D:3      | Identified the +0 chain mail of the Squeaky God {Will+}
  1095 | D:3      | Reached skill level 7 in Ranged Weapons
  1113 | D:3      | Found a snail-covered altar of Cheibriados.
  1117 | D:3      | Reached XP level 4. HP: 25/25 MP: 6/6
  1226 | D:3      | Found a glowing silver altar of Zin.
  1333 | D:3      | 1333 ||| READING scroll labelled XYSAOGH IPOWK.
  1334 | D:3      | 1334 ||| READING scroll labelled FUWOZX XUIFF.
  1338 | D:3      | 1338 ||| READING scroll labelled COX EDDACWEUN.
  1339 | D:3      | 1339 ||| READING 3 scrolls of identify.
  1339 | D:3      | 1339 ||| IDENTIFYING purple potion
  1340 | D:3      | 1340 ||| READING 2 scrolls of identify.
  1340 | D:3      | 1340 ||| IDENTIFYING murky silvery potion
  1341 | D:3      | 1341 ||| DROPPING potion of attraction.
  1775 | D:2      | Reached skill level 8 in Ranged Weapons
  1904 | D:2      | Reached skill level 3 in Dodging
  1990 | D:2      | Reached XP level 5. HP: 29/29 MP: 7/7
  2120 | D:2      | 2120 ||| UPGRADING to +0 pair of gloves.
  2341 | D:3      | 2341 ||| READING 2 scrolls of identify.
  2341 | D:3      | 2341 ||| IDENTIFYING blue potion
  2342 | D:3      | 2342 ||| DROPPING potion of brilliance.
  2623 | D:4      | Reached * piety under Okawaru
  2624 | D:4      | Reached skill level 9 in Ranged Weapons
  2783 | D:4      | Found a stormy altar of Qazlal.
  2785 | D:4      | Noticed a water elemental
  2786 | D:4      | Noticed an air elemental
  2786 | D:4      | Noticed a fire elemental
  2842 | D:4      | 2842 ||| INVOKING Heroism.
  2843 | D:4      | 2843 ||| INVOKING Heroism.
  2845 | D:4      | Reached XP level 6. HP: 23/35 MP: 5/8
  2906 | D:4      | Noticed an ice beast
  2911 | D:4      | Reached skill level 1 in Armour
  2911 | D:4      | 2911 ||| INVOKING Heroism.
  2916 | D:4      | Killed an ice beast
  3129 | D:4      | 3129 ||| READING 3 scrolls of identify.
  3129 | D:4      | 3129 ||| IDENTIFYING ruby potion
  3150 | D:5      | Entered Level 5 of the Dungeon
  3217 | D:5      | 3217 ||| INVOKING Heroism.
  3218 | D:5      | 3218 ||| INVOKING Heroism.
  3269 | D:5      | Reached skill level 10 in Ranged Weapons
  3281 | D:5      | Reached XP level 7. HP: 40/40 MP: 9/9
  3349 | D:5      | 3349 ||| Stepping ~*~*~tactically~*~*~ (outnumbered).
  3352 | D:5      | 3352 ||| Stepping ~*~*~tactically~*~*~ (outnumbered).
  3363 | D:5      | Reached skill level 1 in Invocations
  3426 | D:5      | 3426 ||| INVOKING Heroism.
  3448 | D:5      | Identified the +7 falchion of Zyuhosed {vamp, Contam Int+6
                  | SInv}
  3453 | D:5      | 3453 ||| READING scroll of enchant armour.
  3453 | D:5      | 3453 ||| ENCHANTING +0 pair of gloves.
  3868 | D:6      | Noticed Sigmund
  3869 | D:6      | 3869 ||| INVOKING Heroism.
  3892 | D:6      | 3892 ||| STAIRDANCE
  3913 | D:6      | 3913 ||| INVOKING Heroism.
  3918 | D:6      | Killed Sigmund
  3919 | D:6      | Reached skill level 3 in Invocations
  3941 | D:6      | Noticed Blork the orc
  3942 | D:6      | 3942 ||| INVOKING Heroism.
  3952 | D:6      | Reached skill level 11 in Ranged Weapons
  3953 | D:6      | Reached XP level 8. HP: 44/44 MP: 10/13
  3956 | D:6      | Killed Blork the orc
  3997 | D:6      | 3997 ||| SWAPPING to +0 orcbow.
  3998 | D:6      | 3998 ||| DROPPING +1 shortbow.
  4074 | D:6      | 4074 ||| INVOKING Heroism.
  4122 | D:6      | Found a hazy altar of Hepliaklqana.
  4475 | D:6      | 4475 ||| READING 2 scrolls labelled JITOIM LIAHECW.
  4476 | D:6      | 4476 ||| READING scroll labelled AWNARCHAISM.
  4477 | D:6      | 4477 ||| DROPPING scroll of amnesia.
  4516 | D:7      | 4516 ||| INVOKING Heroism.
  4521 | D:7      | Reached skill level 12 in Ranged Weapons
  4523 | D:7      | 4523 ||| FLEEEEING.
  4524 | D:7      | 4524 ||| FLEEEEING.
  4525 | D:7      | 4525 ||| FLEEEEING.
  4526 | D:7      | 4526 ||| FLEEEEING.
  4527 | D:7      | 4527 ||| FLEEEEING.
  4528 | D:7      | 4528 ||| FLEEEEING.
  4529 | D:7      | 4529 ||| STAIRDANCE
  4609 | D:6      | 4609 ||| READING scroll labelled SOERRAIMUF.
  4614 | D:7      | 4614 ||| STAIRDANCE
  4620 | D:6      | 4620 ||| INVOKING Heroism.
  4700 | D:7      | 4700 ||| INVOKING Heroism.
  4702 | D:7      | Reached skill level 3 in Fighting
  4760 | D:7      | 4760 ||| READING 3 scrolls of enchant weapon.
  4760 | D:7      | 4760 ||| ENCHANTING +0 orcbow.
  4761 | D:7      | 4761 ||| READING 2 scrolls of enchant weapon.
  4761 | D:7      | 4761 ||| ENCHANTING +1 orcbow.
  4762 | D:7      | 4762 ||| READING scroll of enchant weapon.
  4762 | D:7      | 4762 ||| ENCHANTING +2 orcbow.
  4872 | D:7      | 4872 ||| INVOKING Heroism.
  4875 | D:7      | Reached ** piety under Okawaru
  4878 | D:7      | HP: 5/46 [yak (8)]
  4878 | D:7      | Slain by a yak

Levels and vault maps discovered:
D:1:      eino_arrival_cavern_c, layout_loops_ring, serial_shops,
          nicolae_square_shop, chequers_ecumenical_altar_simple
D:2:      layout_basic, minivault_24
D:3:      layout_basic, slow_altar_1, lemuel_doored_altar
D:4:      layout_loops_ring, nicolae_qazlal_style_of_elements,
          amcnicky_altar_gilded, minmay_temple_entry_stoned_glass,
          minmay_small_thing
D:5:      layout_loops_ring
D:6:      layout_rooms, mainiacjoe_overflow_concentric_impassable, uniq_sigmund,
          uniq_blork_the_orc
D:7:      layout_basic
Temple:   eino_temple_water

Skill      XL: |  1  2  3  4  5  6  7  8 |
---------------+-------------------------+-----
Ranged Weapons | 6 7 8 9 10 11 12 | 12.7
Dodging        | 3 4 5 |  5.5
Fighting       | 2 3 |  3.1
Armour         | 1 |  1.3
Invocations    | 4 |  4.0
Stealth        | |  1.2

Action                     |  1- 3 |  4- 6 |  7- 9 || total
---------------------------+-------+-------+-------++-------
   Fire: Shortbow          |    95 |   148 |    86 ||   329
         Orcbow            |       |       |    91 ||    91
 Invoke: Heroism           |       |     3 |     9 ||    12
    Use: Scroll            |     3 |     7 |     7 ||    17
 Armour: Leather armour    |     5 |       |       ||     5
         Ring mail         |     3 |    39 |    26 ||    68
  Dodge: Dodged            |    31 |    48 |    54 ||   133

Table legend:
 A = Non-vault XP
 B = Vault XP
 C = Vault XP percentage of total XP
 D = Non-vault monster count
 E = Vault monster count
 F = Vault count percentage of total count
                 A         B        C        D         E       F
            +---------+---------+-------+---------+---------+-------
      Total |    1971 |     584 |  22.9 |     115 |       5 |   4.2
            +---------+---------+-------+---------+---------+-------
        D:1 |      41 |       0 |   0.0 |      26 |       0 |   0.0
        D:2 |      74 |       0 |   0.0 |      21 |       0 |   0.0
        D:3 |      47 |      39 |  45.3 |      15 |       1 |   6.2
        D:4 |     187 |     215 |  53.5 |       8 |       2 |  20.0
        D:5 |     336 |       0 |   0.0 |      15 |       0 |   0.0
        D:6 |     619 |     330 |  34.8 |      24 |       2 |   7.7
        D:7 |     667 |       0 |   0.0 |       6 |       0 |   0.0
            +---------+---------+-------+---------+---------+-------
